 Dungeon Crawl Stone Soup version 0.20-a0-556-g892c87b (webtiles) character file.

78047 dondy the Covert (level 15, -2/120 HPs)
             Began as a Demonspawn Chaos Knight on Feb 6, 2017.
             Slain by a tengu warrior
             ... wielding a +0 battleaxe
              (5 damage)
             ... while paralysed by an orc sorcerer
             ... on level 15 of the Dungeon.
             The game lasted 01:45:37 (24637 turns).

dondy the Covert (Demonspawn Chaos Knight)         Turns: 24637, Time: 01:45:38

Health: -2/120     AC: 19    Str: 18 (19) XL:     15   Next: 17%
Magic:  22/22      EV:  2    Int: 13 (14) God:    Xom [....*.]
Gold:   4142       SH:  0    Dex: 12 (14) Spells: 14/14 levels left

rFire    . . .     SeeInvis .   D - +9 dagger (elec)
rCold    + . .     Gourm    .   t - +2 robe {rC+}
rNeg     . . .     Faith    .   X - +2 buckler {AC+3}
rPois    +         Spirit   .   M - +2 hat
rElec    .         Reflect  .   N - +2 cloak {+Inv}
rCorr    .         Harm     .   B - +2 pair of gloves {archery}
MR       +....                  (boots unavailable)
Stlth    ++++++++..             T - amulet of regeneration
Regen    0.7/turn               U - ring of poison resistance
                                J - ring of stealth

@: paralysed
A: talons 3, rugged brown scales 3, deterioration 1, nightstalker 2, sense
surroundings 1, strong 1, wild magic 1, rot immunity, MP-powered wands
a: Renounce Religion, Evoke Invisibility


You were on level 15 of the Dungeon.
You worshipped Xom.
You were a beloved toy of Xom.
You were hungry.

You visited 4 branches of the dungeon, and saw 24 of its levels.
You also visited: Labyrinth and Bailey.

You collected 5313 gold pieces.
You spent 1171 gold pieces at shops.

Inventory:

Hand Weapons
 D - a +9 dagger of electrocution (weapon)
Missiles
 K - 3 throwing nets (quivered)
Armour
 t - a +2 robe of cold resistance (worn)
 B - a +2 pair of gloves of archery (worn)
 M - a +2 hat (worn)
 N - a +2 cloak of invisibility (worn)
 X - a +2 buckler of protection (worn)
Jewellery
 p - an uncursed ring of fire
 x - a +3 ring of evasion {unknown}
 J - a ring of stealth (left hand)
 Q - an uncursed ring of resist corrosion
 R - an uncursed ring of protection from magic
 T - an amulet of regeneration (around neck)
 U - a ring of poison resistance (right hand)
Wands
 e - a wand of disintegration (8/24)
 h - a wand of iceblast (3/15)
 j - a wand of digging (9/24)
 l - a wand of confusion (25/48)
 w - a wand of acid (7/15)
 y - a wand of paralysis (4/24)
 F - a wand of paralysis (5/24)
 H - a wand of lightning (3/15)
 P - a wand of paralysis (8/24)
 S - a wand of iceblast (12/15)
 V - a wand of paralysis (9/24)
Scrolls
 a - a scroll of acquirement {unknown}
 d - 7 scrolls of remove curse
 f - a scroll of brand weapon {unknown}
 g - a scroll of fear
 n - 12 scrolls of teleportation
 s - a scroll of recharging
 E - 3 scrolls of silence
 L - a scroll of blinking
 Z - 2 scrolls of magic mapping
Potions
 i - a potion of ambrosia {unknown}
 m - 9 potions of curing
 o - 2 potions of heal wounds
 u - 2 potions of berserk rage {unknown}
 v - 2 potions of cancellation
 z - 2 potions of mutation {unknown}
 A - 6 potions of agility
 C - 3 potions of resistance
 I - 3 potions of flight
 O - 3 potions of haste
 W - 3 potions of cure mutation
 Y - 2 potions of invisibility {unknown}
Miscellaneous
 b - a fan of gales
 r - a phial of floods (inert)
 G - a lamp of fire
Comestibles
 c - 12 bread rations
 k - 11 chunks of flesh
 q - 7 meat rations


   Skills:
 + Level 9.3 Fighting
   Level 12.3 Long Blades
 + Level 6.3 Armour
 + Level 10.8 Dodging
 + Level 13.6 Stealth
 - Level 4.0 Shields
 * Level 10.5 Evocations


You had 14 spell levels left.
You didn't know any spells.

Dungeon Overview and Level Annotations

Branches:
Dungeon (15/15)            Temple (0/1) D:7            Lair (6/6) D:11
 Shoals (0/4) Lair:4       Spider (1/4) Lair:4        Slime (0/5) Lair:6
    Orc (2/2) D:10            Elf (0/3) Orc:2        Vaults (0/5) D:14
 Depths: D:15

Altars:
Cheibriados
Hepliaklqana
Nemelex Xobeh
Qazlal
Ru
Trog
Vehumet
Xom
Yredelemnul
Beogh

Shops:
D:4 %   D:8 [   D:10 [   Orc:1 *

Annotations:
D:6 exclusion: downstairs
Orc:2 krabocopter's ghost, journeyman GrGl


Innate Abilities, Weirdness & Mutations

You have claws for feet.
You are completely covered in rugged brown scales. (AC +3, +7% HP)
You are significantly more attuned to the shadows.
You are immune to rotting.
Your body sometimes deteriorates upon taking damage.
You passively map a small area around you.
Your muscles are strong. (Str +2)
Your spells are a little harder to cast, but a little more powerful.
You expend magic power (3 MP) to strengthen your wands.


Message History

The tengu warrior claws you. The ettin hits you with a dire flail!!
The ettin hits you but does no damage.
The orc sorcerer hits you but does no damage.
The ogre mage casts a spell.
The ogre mage flickers and vanishes!
You are feeling hungry.
The tengu warrior hits you with a battleaxe.
The tengu warrior pecks you but does no damage.
The tengu warrior claws you but does no damage.
The orc sorcerer hits you with a dagger.
The ettin hits you with a dire flail!!!
* * * LOW HITPOINT WARNING * * *
The ettin hits you with a dire flail.
* * * LOW HITPOINT WARNING * * *
The tengu warrior hits you with a battleaxe!
* * * LOW HITPOINT WARNING * * *
Xom is amused.
The tengu warrior pecks you.
You die...
Xom chortles!

* , , *, , , , ,
, , .. ,, , , ,
, ,, #.. ...
####c### * , ...
#⌠..#...,,
.......#.o...# ,
* .......#@Q.#.#
....#.#.#C#..#,+
, ,
,.......#.....#
.....).#.#####,
, .......#......
***
...........[.. ,
.........#####*
, ######..)# ,
,, , #...## ,


You could see an ettin, a tengu warrior, a yaktaur and an orc sorcerer.

Vanquished Creatures
  Rupert (Lair:4)
  Kirke (D:13)
  A stone giant (Orc:1)
  Nessos (D:14)
  A dire elephant (Lair:6)
  An ettin (D:14)
  A minotaur (Lab)
  Fannar (Lair:2)
  Josephine (Lair:4)
  6 hydras
  The ghost of drasked the Thaumaturge, a journeyman DEFE of Vehumet (Lair:4)
  2 catoblepae (Lair:6)
  2 centaur warriors (D:14)
  An ogre mage (D:15)
  7 two-headed ogres
  A tengu warrior (D:14)
  6 death yaks
  Urug (D:13)
  A deep troll (D:14)
  3 unseen horrors
  A death drake (Lair:4)
  Pikel (D:6)
  An orc knight (Bailey)
  4 lindwurms (Lair:6)
  An oklob plant (Lair:2)
  2 deep elf magi
  A manticore (shapeshifter) (D:14)
  4 manticores
  3 cyclopes (D:14)
  A centaur zombie (D:14)
  5 elephants
  A spiny frog (shapeshifter) (D:13)
  5 black mambas
  3 gargoyles
  12 spiny frogs
  3 rime drakes
  A torpor snail (Lair:6)
  An efreet (D:15)
  7 komodo dragons
  A kobold demonologist (D:14)
  A freezing wraith (D:13)
  8 trolls
  4 jumping spiders (Lair:4)
  A polar bear (Lair:5)
  7 hippogriffs
  A raiju (D:9)
  21 blink frogs
  2 dream sheep (Lair:6)
  4 redbacks (Lair:4)
  A spriggan (shapeshifter) (Lair:6)
  4 wraiths (Lair:4)
  A shadow (D:12)
  4 wyverns
  31 yaks
  A human (shapeshifter) (D:14)
  A hog (D:13)
  2 basilisks
  Menkaure (D:4)
  3 hungry ghosts
  A warg (Orc:2)
  An acid dragon (D:13)
  11 water moccasins
  Duvessa (D:6)
  5 porcupines
  31 orc warriors
  2 sky beasts
  4 ice beasts
  2 phantoms
  2 hornet zombies
  2 necrophages
  6 wolves
  7 ogres
  10 centaurs
  6 crocodiles
  A big kobold (D:13)
  Blork the orc (D:6)
  14 bullfrogs
  Dowan (D:6)
  6 scorpions
  10 wights
  4 killer bees (D:10)
  4 howler monkeys
  A spriggan skeleton (Lab)
  An electric eel (Lair:4)
  A lava snake (D:8)
  6 crimson imps
  4 hounds
  2 quasits
  2 bullfrog zombies
  A jelly (D:10)
  12 orc priests
  3 bullfrog skeletons
  Crazy Yiuf (D:5)
  8 centaur skeletons
  14 orc wizards
  8 iguanas
  12 worker ants
  2 killer bee zombies
  An ogre skeleton (Lab)
  A hound skeleton (D:5)
  A worker ant zombie (D:5)
  14 adders
  A howler monkey skeleton (D:9)
  3 shadow imps
  A worm (D:2)
  3 dart slugs
  5 leopard geckos
  71 orcs
  3 bats
  4 giant cockroaches
  10 goblins
  3 hobgoblins
  7 jackals
  12 kobolds
  5 quokkas
  2 frilled lizards
  A leopard gecko skeleton (D:8)
  9 rats
563 creatures vanquished.

Vanquished Creatures (collateral kills)
  2 elephants (Lair:6)
  2 yaks (Lair:1)
  2 slaves (D:6)
  A sky beast (D:5)
  2 adders (D:5)
  An orc (D:5)
10 creatures vanquished.

Vanquished Creatures (others)
  A cyclops (D:13)
  A gargoyle (D:13)
  An orc warrior (D:12)
  A kobold (D:1)
  4 fungi (Lair:6)
  2 plants
10 creatures vanquished.

Grand Total: 583 creatures vanquished

Notes
Turn   | Place    | Note
-------+----------+-------------------------------------------
     0 | D:1      | dondy the Demonspawn Chaos Knight began the quest for the Orb.
     0 | D:1      | Reached XP level 1. HP: 18/18 MP: 1/1
   192 | D:1      | XOM: smoke on damage
   205 | D:1      | Gained mutation: You are immune to rotting. [demonic ancestry]
   205 | D:1      | Reached XP level 2. HP: 17/24 MP: 2/2
   546 | D:2      | XOM: potion effect (berserk rage)
   646 | D:2      | Gained mutation: You are partially covered in rugged brown scales. (AC +1, +3% HP) [demonic ancestry]
   646 | D:2      | Reached XP level 3. HP: 20/29 MP: 3/3
   866 | D:2      | Reached skill level 1 in Dodging
  1018 | D:3      | Found a stormy altar of Qazlal.
  1042 | D:3      | XOM: cloud trail
  1117 | D:3      | Gained mutation: You have sharp toenails. [demonic ancestry]
  1117 | D:3      | Reached XP level 4. HP: 27/36 MP: 4/4
  1553 | D:4      | Found Eriplizu's Food Emporium.
  1563 | D:4      | Found a snail-covered altar of Cheibriados.
  1620 | D:4      | Noticed Menkaure
  1629 | D:4      | Killed Menkaure
  1629 | D:4      | Reached skill level 5 in Long Blades
  1629 | D:4      | Gained mutation: You have razor-sharp toenails. [demonic ancestry]
  1629 | D:4      | Reached XP level 5. HP: 10/42 MP: 5/5
  1687 | D:4      | XOM: god gift: scimitar {god gift}
  1911 | D:4      | Noticed a phantom
  1926 | D:4      | XOM: 4-stop teleportation journey
  2108 | D:4      | Noticed an ogre
  2111 | D:4      | XOM: destruction
  2118 | D:4      | Killed an ogre
  2122 | D:4      | XOM: 3-stop teleportation journey
  2324 | D:4      | XOM: cast spell 'Necromutation'
  2331 | D:4      | Gained mutation: You are slightly more attuned to the shadows. [demonic ancestry]
  2331 | D:4      | Reached XP level 6. HP: 48/48 MP: 6/6
  2334 | D:4      | XOM: cleaving
  2543 | D:5      | Entered Level 5 of the Dungeon
  2545 | D:5      | Noticed a sky beast
  2552 | D:5      | XOM: summons 6 friendly demons
  2564 | D:5      | Killed a sky beast
  2653 | D:5      | XOM: summons friendly quasit
  2685 | D:5      | Reached XP level 7. HP: 53/53 MP: 7/7
  3038 | D:5      | XOM: divination: magic mapping
  3041 | D:5      | XOM: summons friendly ufetubus
  3050 | D:5      | XOM: god gift: 3150 gold pieces
  3504 | D:5      | XOM: cast spell 'Discord'
  3871 | D:5      | XOM: enchant monster (good)
  4018 | D:5      | Found a runed door.
  4022 | D:5      | Noticed Crazy Yiuf
  4027 | D:5      | Killed Crazy Yiuf
  4192 | D:6      | Noticed Duvessa
  4197 | D:6      | Gained mutation: You are mostly covered in rugged brown scales. (AC +2, +5% HP) [demonic ancestry]
  4197 | D:6      | Reached XP level 8. HP: 45/60 MP: 8/8
  4265 | D:6      | XOM: scenery: create altars
  4275 | D:6      | Noticed Dowan
  4290 | D:6      | XOM: fake destruction
  4293 | D:6      | Killed Duvessa
  4300 | D:6      | Killed Dowan
  4508 | D:6      | XOM: give mutation
  4508 | D:6      | Gained mutation: Scrolls take you a little longer to read. [Xom's mischief]
  4629 | D:6      | XOM: harmless Conj miscast
  4893 | D:6      | Noticed Blork the orc
  4894 | D:6      | Noticed Pikel
  4914 | D:6      | Killed Blork the orc
  4919 | D:6      | Killed Pikel
  4919 | D:6      | Reached skill level 10 in Long Blades
  5048 | D:6      | XOM: divination: detect creatures
  5456 | D:6      | Found a basalt altar of Yredelemnul.
  5456 | D:6      | Found a radiant altar of Vehumet.
  5593 | D:6      | XOM: cloud trail
  5627 | D:7      | Found a staircase to the Ecumenical Temple.
  5659 | D:7      | Reached XP level 9. HP: 66/66 MP: 9/9
  5776 | D:7      | XOM: cast spell 'Summon Small Mammal'
  5812 | D:7      | XOM: 1-stop teleportation journey
  5855 | D:7      | XOM: harmless Divn miscast
  6232 | D:7      | XOM: harmless Summ miscast
  6242 | D:7      | XOM: fog
  6278 | D:7      | XOM: harmless Divn miscast
  6438 | D:6      | XOM: summons 2 hostile demons
  6572 | D:7      | XOM: fog
  6723 | D:8      | Noticed a two-headed ogre
  6727 | D:8      | Killed a two-headed ogre
  6727 | D:8      | Reached skill level 1 in Stealth
  6727 | D:8      | Reached skill level 1 in Evocations
  6985 | D:8      | Found a sparkling altar of Nemelex Xobeh.
  7077 | D:8      | Gained mutation: You are significantly more attuned to the shadows. [demonic ancestry]
  7077 | D:8      | Reached XP level 10. HP: 64/73 MP: 11/11
  7166 | D:8      | XOM: noise
  7205 | D:8      | Found Dopnihics's Antique Armour Shop.
  7232 | D:8      | Bought a glowing hat for 250 gold pieces
  7232 | D:8      | Bought a glowing cloak for 262 gold pieces
  7254 | D:8      | Bought an embroidered cloak for 262 gold pieces
  7499 | D:8      | XOM: harmless Chrm miscast
  7515 | D:8      | Found a sacrificial altar of Ru.
  7516 | D:8      | Found a hazy altar of Hepliaklqana.
  7574 | D:8      | XOM: scenery: create altars
  7666 | D:8      | Reached skill level 2 in Stealth
  7787 | D:8      | XOM: mild Pois miscast
  7863 | D:8      | Noticed a two-headed ogre
  7869 | D:8      | Killed a two-headed ogre
  7869 | D:8      | Reached skill level 5 in Armour
  7869 | D:8      | Reached skill level 1 in Shields
  7988 | D:8      | XOM: mild Pois miscast
  8065 | D:8      | XOM is BORED!
  8195 | D:8      | XOM: harmless Conj miscast
  8318 | D:9      | XOM: confuse monster(s)
  8521 | D:9      | Found a bloodstained altar of Trog.
  8528 | D:9      | Reached skill level 5 in Dodging
  8704 | D:9      | XOM: harmless Necr miscast
  8706 | D:9      | XOM: polymorph yak -> raiju
  8717 | D:9      | XOM: blink monster(s)
  8801 | D:9      | XOM: chaos cloud
  8830 | D:9      | XOM: summons 5 hostile demons
  8986 | D:9      | Reached skill level 3 in Stealth
  9020 | D:9      | Noticed a two-headed ogre
  9044 | D:9      | Killed a two-headed ogre
  9044 | D:9      | Reached XP level 11. HP: 42/80 MP: 13/13
  9214 | D:9      | Noticed a two-headed ogre
  9219 | D:9      | Killed a two-headed ogre
  9267 | D:9      | XOM: mild Tloc miscast
  9286 | D:10     | Entered Level 10 of the Dungeon
  9295 | D:10     | Found a staircase to the Orcish Mines.
  9510 | D:10     | Found Uruheh's Antique Armour Shop.
  9517 | D:10     | Bought a runed buckler for 283 gold pieces
  9816 | D:10     | XOM: 1-stop teleportation journey
  9834 | D:10     | Reached skill level 4 in Stealth
 10012 | D:10     | XOM: chaos upgrade
 10157 | D:10     | XOM: harmless Fire miscast
 10373 | D:10     | Killed an unseen horror
 10376 | D:10     | XOM: give mutations
 10376 | D:10     | Gained mutation: You expend magic power (3 MP) to strengthen your wands. [Xom's mischief]
 10505 | D:11     | XOM: mild Tmut miscast
 10541 | D:11     | XOM: swap monsters
 10542 | D:11     | XOM: blink monster(s)
 10662 | D:11     | Found a staircase to the Lair.
 10669 | Lair:1   | Entered Level 1 of the Lair of Beasts
 11041 | Lair:1   | Found a labyrinth entrance.
 11053 | Lab      | Entered a labyrinth
 11245 | Lab      | XOM: medium Conj miscast
 11528 | Lab      | Noticed a minotaur
 11533 | Lab      | Killed a minotaur
 11533 | Lab      | Reached skill level 5 in Stealth
 11536 | Lab      | Got a shimmering short sword {venom}
 11541 | Lab      | Identified the Almanac of Earth and Flames
 11545 | Lab      | Identified the +7 short sword "Voireses" {venom, +Inv rF+ Int+2 Stlth+} (You took it off a minotaur in a labyrinth)
 11625 | Lab      | Got a shimmering scale mail
 11636 | Lab      | Identified the cursed +1 scale mail of Zaosao {rCorr Int+4 Dex+3} (You found it in a labyrinth)
 11695 | Lair:1   | XOM: medium Ice miscast
 11795 | Lair:1   | Reached skill level 5 in Evocations
 11926 | Lair:1   | Reached skill level 5 in Fighting
 12193 | Lair:2   | XOM: divination: detect items
 12200 | Lair:2   | XOM: enchant monster (bad)
 12252 | Lair:2   | Reached skill level 6 in Stealth
 12287 | Lair:2   | XOM: smoke on damage
 12288 | Lair:2   | XOM: harmless Ice miscast
 12326 | Lair:2   | XOM: enchant monster (bad)
 12328 | Lair:2   | XOM: confusion (+ monsters)
 12339 | Lair:2   | Reached XP level 12. HP: 41/90 MP: 16/16
 12420 | Lair:2   | XOM: harmless Conj miscast
 12451 | Lair:2   | XOM: destruction
 12553 | Lair:2   | Noticed Fannar
 12558 | Lair:2   | XOM: divination: detect items
 12560 | Lair:2   | XOM: noise
 12566 | Lair:2   | XOM: summons 2 friendly demons
 12571 | Lair:2   | Killed Fannar
 12583 | Lair:2   | Reached skill level 7 in Stealth
 13250 | Lair:3   | XOM: confuse monster(s)
 13684 | Lair:3   | XOM: summons 2 hostile shadow creatures
 13772 | Lair:3   | XOM: give mutation
 13772 | Lair:3   | Gained mutation: Your muscles are strong. (Str +2) [Xom's grace]
 13998 | Lair:3   | XOM is BORED!
 13998 | Lair:3   | XOM: give mutations
 13998 | Lair:3   | Gained mutation: Your body sometimes deteriorates upon taking damage. [Xom's mischief]
 13998 | Lair:3   | Lost mutation: Your body sometimes deteriorates upon taking damage. [Xom's mischief]
 13998 | Lair:3   | Gained mutation: You passively map a small area around you. [Xom's mischief]
 13998 | Lair:3   | Lost mutation: Scrolls take you a little longer to read. [Xom's mischief]
 14005 | Lair:4   | Noticed drasked's ghost (journeyman DEFE)
 14009 | Lair:4   | XOM: confuse monster(s)
 14012 | Lair:4   | Killed drasked's ghost
 14012 | Lair:4   | XOM: cleaving
 14017 | Lair:4   | Noticed Josephine
 14033 | Lair:4   | Killed Josephine
 14033 | Lair:4   | Reached skill level 8 in Stealth
 14070 | Lair:4   | Got an ichor-stained long sword
 14119 | Lair:4   | XOM: summons 6 hostile demons
 14252 | Lair:4   | Found a hole to the Spider Nest.
 14276 | Lair:4   | XOM: polymorph jumping spider -> death drake
 14296 | Lair:4   | XOM: god gift: murky grey potion {god gift}
 14299 | Lair:4   | XOM: confusion (+ monsters)
 14443 | Lair:4   | Reached skill level 9 in Stealth
 14462 | Lair:4   | XOM: enchant monster (bad)
 14570 | Lair:4   | Identified the +5 long sword of a wizard's laboratory {drain, rF+} (You found it on level 4 of the Lair of Beasts)
 14579 | Lair:4   | Noticed a six-headed hydra
 14596 | Lair:4   | Killed a six-headed hydra
 14629 | Lair:4   | XOM: harmless Air miscast
 14699 | Lair:4   | XOM: stat loss: -1 Str (17/18)
 14759 | Lair:4   | Noticed Rupert
 14762 | Lair:4   | XOM: confuse monster(s)
 14765 | Lair:4   | Killed Rupert
 14765 | Lair:4   | Reached XP level 13. HP: 100/100 MP: 18/18
 14856 | Lair:4   | XOM: give mutations
 14856 | Lair:4   | Gained mutation: Your spells are a little harder to cast, but a little more powerful. [Xom's grace]
 14856 | Lair:4   | Gained mutation: Your muscles are very strong. (Str +4) [Xom's grace]
 14856 | Lair:4   | Gained mutation: You are agile. (Dex +2) [Xom's grace]
 14866 | Lair:4   | Found a staircase to the Shoals.
 15273 | Lair:5   | XOM: 1-stop teleportation journey
 15282 | Lair:5   | XOM: potion effect (haste)
 15618 | Lair:5   | XOM: scenery: create altars
 15698 | Lair:5   | Reached skill level 10 in Stealth
 16150 | Lair:5   | XOM: god gift: chain mail {god gift}
 16155 | Lair:6   | Entered Level 6 of the Lair of Beasts
 16172 | Lair:5   | XOM: summons 5 friendly demons
 16217 | Lair:5   | XOM: harmless Hex miscast
 16395 | Lair:6   | XOM: potion effect (invisibility)
 16397 | Lair:6   | XOM: harmless Chrm miscast
 16495 | Lair:6   | Found a staircase to the Slime Pits.
 16518 | Lair:6   | XOM: chaos cloud
 16526 | Lair:6   | XOM: 2-stop teleportation journey
 16698 | Lair:6   | XOM: harmless Erth miscast
 16753 | Lair:6   | XOM: swap monsters
 16765 | Lair:6   | XOM: scenery: 1 doors open
 16793 | Lair:6   | Reached skill level 11 in Stealth
 16816 | Lair:6   | XOM: summons 5 friendly demons
 16825 | Lair:6   | XOM: medium Necr miscast
 16830 | Lair:6   | XOM: severe Fire miscast
 16872 | Lair:5   | XOM: harmless Ice miscast
 17159 | Lair:6   | XOM: summons 4 friendly demons
 17166 | Lair:6   | XOM: polymorph wolf -> scorpion
 17179 | Lair:6   | XOM: summons friendly ufetubus
 17197 | Lair:6   | XOM: noise
 17303 | Lair:6   | XOM: draining
 17490 | Lair:6   | XOM: noise
 17502 | Lair:6   | XOM: cleaving
 17510 | Lair:6   | XOM: cast spell 'Summon Mana Viper'
 17531 | Lair:6   | XOM: mild Summ miscast
 17594 | Lair:6   | XOM: cloud trail
 17662 | Lair:6   | XOM: cast spell 'Summon Small Mammal'
 17665 | Lair:6   | XOM: confuse monster(s)
 17707 | Lair:6   | XOM: polymorph yak -> spriggan
 17857 | Lair:6   | XOM: destruction
 17861 | Lair:6   | XOM: butterfly on damage
 17912 | Lair:6   | XOM: mild Necr miscast
 17984 | Lair:6   | Gained mutation: You are completely covered in rugged brown scales. (AC +3, +7% HP) [demonic ancestry]
 17984 | Lair:6   | Reached XP level 14. HP: 69/112 MP: 20/20
 18160 | Lair:6   | XOM: mild Tloc miscast
 18217 | Lair:6   | XOM: confusion
 18245 | Lair:6   | XOM: confusion
 18259 | Lair:6   | XOM: enchant monster (bad)
 18340 | Lair:6   | XOM: summons 2 hostile shadow creatures
 18532 | Lair:6   | XOM: harmless Tloc miscast
 18849 | Lair:1   | XOM: give mutations
 18849 | Lair:1   | Lost mutation: You are agile. (Dex +2) [Xom's mischief]
 18849 | Lair:1   | Lost mutation: Your muscles are very strong. (Str +4) [Xom's mischief]
 18899 | D:11     | XOM: summons 4 hostile shadow creatures
 19027 | D:11     | Reached skill level 12 in Stealth
 19152 | D:11     | XOM: 5-stop teleportation journey
 19539 | D:12     | Reached skill level 10 in Dodging
 19590 | D:12     | Found a roughly hewn altar of Beogh.
 19607 | D:12     | XOM: medium Ice miscast
 19680 | D:12     | XOM: blink monster(s)
 19685 | D:12     | XOM: summons friendly crimson imp
 19702 | D:12     | XOM: harmless Pois miscast
 20022 | D:12     | XOM: harmless Tloc miscast
 20233 | D:12     | XOM: draining
 20480 | D:13     | Noticed Urug
 20485 | D:13     | Killed Urug
 20800 | D:13     | Found a shimmering altar of Xom.
 20927 | D:13     | Noticed Kirke
 20932 | D:13     | XOM: swap monsters
 20936 | D:13     | XOM: stat loss: -1 Str (17/18)
 20938 | D:13     | Killed Kirke
 21231 | D:13     | XOM: cloud trail
 21256 | D:13     | XOM: summons 3 hostile shadow creatures
 21492 | D:14     | Found a flagged portal.
 21508 | Bailey   | Entered a bailey
 21726 | Bailey   | XOM: 2-stop teleportation journey
 21798 | Bailey   | XOM: summons 7 hostile demons
 21868 | Bailey   | XOM: summons 3 hostile demons
 22034 | D:14     | XOM: give mutation
 22034 | D:14     | Gained mutation: Your body sometimes deteriorates upon taking damage. [Xom's mischief]
 22036 | D:14     | Reached skill level 13 in Stealth
 22160 | D:14     | XOM: mild Conj miscast
 22162 | D:14     | Noticed Nessos
 22169 | D:14     | Killed Nessos
 22169 | D:14     | Reached skill level 10 in Evocations
 22364 | D:14     | XOM: 2-stop teleportation journey
 22443 | D:14     | XOM: torment (55/115 hp)
 22709 | D:14     | Found a gate to the Vaults.
 22863 | D:14     | Gained mutation: You have claws for feet. [demonic ancestry]
 22863 | D:14     | Reached XP level 15. HP: 65/120 MP: 22/22
 23338 | Orc:1    | Entered Level 1 of the Orcish Mines
 23412 | Orc:1    | Found Cisu's General Store.
 23423 | Orc:1    | Bought a scroll of enchant armour for 90 gold pieces
 23424 | Orc:1    | Bought a scroll of identify for 24 gold pieces
 23570 | Orc:2    | Entered Level 2 of the Orcish Mines
 23584 | Orc:2    | XOM: 6-stop teleportation journey
 23668 | Orc:2    | Found a staircase to the Elven Halls.
 23685 | Orc:2    | Noticed krabocopter's ghost (journeyman GrGl)
 23722 | Orc:2    | XOM: medium Chrm miscast
 23760 | Orc:2    | XOM: harmless Air miscast
 23780 | Orc:2    | XOM: cast spell 'Leda's Liquefaction'
 24138 | Spider:1 | Entered Level 1 of the Spider Nest
 24142 | Spider:1 | XOM: noise
 24145 | Lair:4   | XOM: fog
 24153 | Lair:4   | HP: 5/120 [something (8)]
 24362 | Lair:2   | XOM: god gift: scroll of teleportation
 24396 | Lair:1   | XOM: summons friendly iron imp
 24527 | D:15     | Entered Level 15 of the Dungeon
 24631 | D:15     | Paralysed by an orc sorcerer for 7 turns
 24637 | D:15     | HP: 3/120 [tengu warrior/battleaxe (8)]
 24637 | D:15     | Slain by a tengu warrior

Vault maps used:
D:1:      dpeg_arrival_radiant
D:3:      nicolae_qazlal_eye_of_the_storm, first_bread
D:4:      serial_shops, shop, kennysheep_slug_shrine, uniq_menkaure
D:5:      uniq_crazy_yiuf_cottage
D:6:      gammafunk_temple_overflow_elements, serial_bayou_pond_d,
          wad_floor_pattern_2, tgw_sif, uniq_duvessa, uniq_blork_the_orc,
          uniq_pikel
D:7:      minmay_temple_entry_mist, grunt_ogre_cave, kennysheep_generic_room_12
D:8:      lemuel_round_altar, minitemple, serial_shops,
          nicolae_shop_window_shopping, kennysheep_nondescript,
          kennysheep_opposing_triangles
D:9:      bloody_trog, st_stairs_9
D:10:     orc_0_dummy, serial_shops, shop
D:11:     grunt_lair_entry_orc_guard_hut
D:13:     basic_altar, uniq_urug, uniq_kirke
D:14:     kennysheep_room_grid, david_vaults_4, kennysheep_small_spiral,
          enter_bailey_3, uniq_nessos
D:15:     hangedman_depths_entry_civil_slaughter
Lair:1:   lab_entry_generic, nicolae_volcano_entry_hallway
Lair:2:   dpeg_oklob_gauntlet, uniq_fannar
Lair:4:   elwin_shoals_entry_rooms, nicolae_spider_entry_tight_spaces,
          uniq_rupert, uniq_josephine
Lair:5:   beast_lair_carwin_large_2, grunt_megastairs_4
Lair:6:   hangedman_lair_in_review, slime_dummy, grunt_megastairs_3
Spider:1: guppyfry_hornet_nest, uniq_louise
Orc:1:    serial_shops, shop
Orc:2:    pf_orc_diabolical
Lab:      labyrinth_watery, nicolae_lab_diamond
Bailey:   bailey_polearm_2, bailey

Skill      XL: |  1  2  3  4  5  6  7  8  9 10 11 12 13 14 |
---------------+-------------------------------------------+-----
Long Blades    | 3 4 5 6 8 10 11 12 | 12.3
Dodging        | 1 2 3 4 5 6 8 9 10 | 10.8
Armour         | 2 3 4 5 6 |  6.3
Stealth        | 1 3 6 9 11 13 | 13.6
Evocations     | 1 3 5 7 8 10 | 10.5
Shields        | 2 4 |  4.0
Fighting       | 4 5 7 8 9 |  9.3

Action                   |  1- 3 |  4- 6 |  7- 9 | 10-12 | 13-15 || total
-------------------------+-------+-------+-------+-------+-------++-------
Melee: Falchion          |   121 |    30 |       |       |       ||   151
       Kick              |       |    17 |    48 |   177 |   326 ||   568
       Scimitar          |       |    48 |    94 |       |       ||   142
       Dagger            |       |       |   120 |   637 |   989 ||  1746
       Short sword       |       |       |       |    40 |       ||    40
 Abil: Evoke Invisibilit |       |       |       |       |     4 ||     4
Evoke: Wand              |       |       |    10 |    13 |    43 ||    66
       Phial of floods   |       |       |       |       |     2 ||     2
       Lamp of fire      |       |       |       |       |     1 ||     1
  Use: Scroll            |       |     2 |     4 |    12 |    17 ||    35
       Potion            |       |       |     1 |       |     2 ||     3
 Stab: Paralysed         |     1 |       |     1 |     2 |     4 ||     8
       Distracted        |       |     1 |     1 |     6 |     7 ||    15
       Sleeping          |       |       |     3 |    33 |    76 ||   112
       Confused          |       |       |     1 |     9 |    11 ||    21
       Invisible         |       |       |       |       |    17 ||    17
       Petrified         |       |       |       |       |     3 ||     3
  Eat: Chunk             |     1 |     5 |    12 |    21 |    25 ||    64
       Fruit             |       |       |     1 |     1 |       ||     2
       Royal jelly       |       |       |       |     1 |       ||     1
       Meat ration       |       |       |       |       |     2 ||     2
Armor: Leather armour    |    51 |    29 |    53 |   120 |       ||   253
       Robe              |       |       |       |    52 |   272 ||   324
Dodge: Dodged            |    67 |    44 |   103 |   308 |   616 ||  1138
Block: Buckler           |       |       |       |   107 |   197 ||   304
       Rpst.: Falchion   |    23 |     4 |       |       |       ||    27
       Scimitar          |       |    15 |    20 |       |       ||    35
